 Dungeon Crawl Stone Soup version 0.25.1-8-g42b30a86e7 (webtiles) character file.

Game seed: 15634832792959841601

13765 zeroc00l the Thaumaturge (level 11, -9/53 HPs)
             Began as a Spriggan Earth Elementalist on Dec 17, 2020.
             Was a High Priest of Vehumet.
             Killed from afar by a fire dragon (18 damage)
             ... with a blast of flame
             ... on level 11 of the Dungeon.
             The game lasted 01:36:16 (14289 turns).

zeroc00l the Thaumaturge (SpEE)                    Turns: 14289, Time: 01:36:17

Health: -9/53      AC: 16    Str: 10    XL:     11   Next: 79%
Magic:  0/25       EV: 24    Int: 20    God:    Vehumet [*****.]
Gold:   499        SH:  0    Dex: 17    Spells: 3/28 levels left

rFire    + . .     SeeInvis +   a - +9 lance "Wyrmbane" {slay drac, rPois rF+ rC+ AC+3}
rCold    + . .     Gourm    .   (shield restricted)
rNeg     . . .     Faith    .   J - +3 steam dragon scales
rPois    +         Spirit   +   (helmet restricted)
rElec    .         Reflect  .   y - +0 cloak
rCorr    .         Harm     .   (gloves unavailable)
MR       +....                  (boots unavailable)
Stlth    ++++......             L - amulet of guardian spirit
HPRegen  0.17/turn              t - +6 ring of strength
MPRegen  0.19/turn              z - +4 ring of protection

@: very quick
A: very small, unfitting armour, see invisible, herbivore, speed 3, slow
metabolism 2
a: Renounce Religion


You were on level 11 of the Dungeon.
You worshipped Vehumet.
Vehumet was extremely pleased with you.
You were hungry.

You visited 2 branches of the dungeon, and saw 12 of its levels.
You also visited: Ossuary.

You collected 639 gold pieces.
You spent 140 gold pieces at shops.

Inventory:

Hand Weapons
 a - the +9 lance "Wyrmbane" (weapon) {slay drac, rPois rF+ rC+ AC+3}
   (You took it off Maggie on level 8 of the Dungeon)

   It affects your AC (+3).
   It protects you from fire.
   It protects you from cold.
   It protects you from poison.
 b - a +3 trident of flaming
 c - a +2 vorpal falchion
 f - a +0 lajatang
Missiles
 o - 38 poisoned darts (quivered)
 u - 26 boomerangs
 F - 175 stones
 H - 3 datura-tipped darts
 N - 6 curare-tipped darts
Armour
 y - a +0 cloak (worn)
 C - a +2 robe of magic resistance
 J - +3 steam dragon scales (worn)
 P - +0 acid dragon scales
Jewellery
 q - an uncursed ring of positive energy
 t - a +6 ring of strength (left hand)
 z - a +4 ring of protection (right hand)
 I - an uncursed ring of ice
 L - an amulet of guardian spirit (around neck)
Wands
 G - a wand of random effects (4)
Scrolls
 e - 7 scrolls of teleportation
 h - 2 scrolls of amnesia
 j - a scroll of noise {unknown}
 l - 3 scrolls of fear {unknown}
 p - 2 scrolls of magic mapping {unknown}
 x - a scroll of fog {unknown}
 B - 2 scrolls of random uselessness {unknown}
 M - a scroll of identify
 O - a scroll of enchant weapon
Potions
 g - a potion of brilliance
 i - 3 potions of curing
 k - 3 potions of resistance
 m - a potion of lignification {unknown}
 n - 2 potions of magic {unknown}
 r - 2 potions of invisibility
 s - 2 potions of cancellation
 v - 2 potions of flight {unknown}
 w - 2 potions of mutation {unknown}
 A - 3 potions of berserk rage {unknown}
 D - 2 potions of stabbing {unknown}
 E - a potion of haste
 K - 2 potions of ambrosia {unknown}
 Q - a potion of might {unknown}
Comestibles
 d - 13 rations


   Skills:
 - Level 4.0 Fighting
 + Level 6.6 Polearms
 + Level 8.9 Dodging
 - Level 7.0 Stealth
 + Level 9.0 Spellcasting
 * Level 6.4 Conjurations
 - Level 3.0 Transmutations
 - Level 2.0 Air Magic
 - Level 8.0 Earth Magic
 - Level 4.0 Poison Magic


You had 3 spell levels left.
You knew the following spells:

 Your Spells              Type           Power        Failure   Level  Hunger
a - Sandblast             Erth           #####.       1%          1    None
b - Passwall              Tmut/Erth      ####....     1%          2    None
c - Stone Arrow           Conj/Erth      #####.       1%          3    None
d - Petrify               Tmut/Erth      ####....     8%          4    ###....
e - Shock                 Conj/Air       ####         1%          1    None
f - Searing Ray           Conj           ####..       1%          2    None
g - Conjure Flame         Conj/Fire      ###.....     1%          3    None
h - Olgreb's Toxic Radia  Pois           ####....     4%          4    ###....
i - Lee's Rapid Deconstr  Erth           #####.....   2%          5    #####..

Your spell library contained the following spells:

 Spells                   Type           Power        Failure   Level  Hunger
 Ozocubu's Refrigeration  Ice            #.........   94%         6    ######.
 Animate Skeleton         Necr           N/A          8%          1    None
 Apportation              Tloc           #.....       8%          1    None
 Corona                   Hex            #......      8%          1    None
 Summon Small Mammal      Summ           #...         8%          1    None


Dungeon Overview and Level Annotations

Branches:
Dungeon (11/15)            Temple (1/1) D:5            Lair (0/6) D:10
    Orc (0/2) D:11        Ossuary (visited)

Altars:
Ashenzari
Cheibriados
Elyvilon
Gozag
Kikubaaqudgha
Makhleb
Ru
Uskayaw
Vehumet
Wu Jian
Yredelemnul
The Shining One

Shops:
D:8 %


Innate Abilities, Weirdness & Mutations

You are very small and have problems with some larger weapons.
You are too small for most types of armour.
You have supernaturally acute eyesight. (SInv)
You are a herbivore.
You cover ground extremely quickly.
You need to consume almost no food.


Message History

Press: ? - help, Dir - move target cursor, f/p - fire dragon
Aim: a fire dragon (severely wounded)
You barely miss the fire dragon.
The fire dragon is severely wounded.
The fire dragon bites you!
* * * LOW HITPOINT WARNING * * *
The fire dragon claws you but does no damage.
The fire dragon misses you.
You feel better. The fire dragon bites you.
The fire dragon claws you but does no damage.
The fire dragon tramples you!
* * * LOW HITPOINT WARNING * * *
You stumble backwards!
As you read the scroll labeled CUTO EHIYLIDWA, it crumbles to dust.
It is a scroll of amnesia.
Really abort (and waste the scroll)?
Okay, then.
The fire dragon breathes flames at you. The blast of flame hits you!!
You resist.
You die...

.# #.# ## #.# # #.# # #.#
# #.# # #.# ##### #.# .
....###########.#####....
###.............@D..'....
#############.#####....
#.# # #.# #.# #.# #.# ...


You could see a fire dragon (catching breath).

Vanquished Creatures
  Erica (D:10)
  A centaur warrior (D:11)
  2 two-headed ogres
  3 death yaks (D:10)
  A cyclops (D:11)
  Maurice (D:8)
  Maggie (D:8)
  2 trolls
  Grinder (D:4)
  A hornet (D:10)
  3 hippogriffs
  Sigmund (D:5)
  6 yaks (D:10)
  Grum (D:8)
  Eustachio (D:5)
  Menkaure (Ossuary)
  An acid dragon (D:11)
  A water moccasin (D:9)
  7 orc warriors
  2 black bears
  3 sky beasts
  A hornet zombie (D:10)
  3 ice beasts
  A necrophage (D:9)
  3 ogres
  2 centaurs
  3 wolves (D:8)
  A big kobold (D:10)
  8 bullfrogs
  9 killer bees
  4 wights (D:10)
  A howler monkey (D:4)
  5 crimson imps
  A centaur zombie (D:8)
  3 orc priests
  6 hounds
  2 quasits (D:11)
  3 centaur skeletons
  Crazy Yiuf (D:5)
  A gnoll shaman (D:9)
  5 orc wizards
  3 bullfrog skeletons
  An iron imp (D:7)
  Jessica (D:2)
  Natasha (thrice) (D:2)
  9 worker ants
  2 hound skeletons
  3 mummies (Ossuary)
  Robin (D:1)
  4 gnolls (D:9)
  13 adders
  3 shadow imps
  2 oozes
  An adder zombie (D:8)
  5 worms
  A dart slug (D:2)
  6 leopard geckos
  56 orcs
  2 giant cockroaches
  4 gnoll zombies (Ossuary)
  5 hobgoblins
  15 jackals
  16 kobolds
  4 quokkas
  A ball python (D:5)
  7 bats
  5 frilled lizards
  5 gnoll skeletons (Ossuary)
  12 goblins
  4 goblin skeletons
  2 goblin zombies (Ossuary)
  3 hobgoblin skeletons (Ossuary)
  5 hobgoblin zombies
  4 kobold skeletons
  4 kobold zombies
  A leopard gecko skeleton (D:5)
  8 orc skeletons
  7 orc zombies
  2 quokka skeletons
  3 rats
  3 rat skeletons (Ossuary)
  6 rat zombies (Ossuary)
  A fungus (D:5)
347 creatures vanquished.

Vanquished Creatures (others)
  A goblin skeleton (Ossuary)
  A hobgoblin zombie (Ossuary)
  A rat skeleton (Ossuary)
3 creatures vanquished.

Grand Total: 350 creatures vanquished

Notes
Turn   | Place    | Note
-------+----------+-------------------------------------------
     0 | D:1      | zeroc00l the Spriggan Earth Elementalist began the quest
                  | for the Orb.
     0 | D:1      | Reached XP level 1. HP: 9/9 MP: 5/5
   516 | D:1      | Reached XP level 2. HP: 13/13 MP: 6/6
   539 | D:1      | Learned a level 2 spell: Passwall
   753 | D:2      | Reached skill level 3 in Spellcasting
   771 | D:2      | Reached XP level 3. HP: 16/16 MP: 4/8
   771 | D:2      | Noticed Natasha
   778 | D:2      | Killed Natasha
   858 | D:2      | Learned a level 3 spell: Stone Arrow
   867 | D:2      | Noticed Natasha
   954 | D:2      | Noticed Jessica
   980 | D:2      | Reached XP level 4. HP: 20/21 MP: 6/9
  1080 | D:2      | Found a basalt altar of Yredelemnul.
  1083 | D:2      | Killed Natasha
  1083 | D:2      | Reached skill level 1 in Conjurations
  1161 | D:2      | Noticed Natasha
  1169 | D:2      | Killed Natasha
  1177 | D:2      | Reached XP level 5. HP: 14/24 MP: 6/10
  1418 | D:2      | Noticed Robin
  1468 | D:1      | Killed Robin
  1720 | D:2      | Learned a level 4 spell: Petrify
  1731 | D:2      | Killed Jessica
  1731 | D:2      | Reached skill level 5 in Stealth
  2488 | D:2      | You fall into a shaft and drop 1 floor!
  2663 | D:3      | Found an opulent altar of Gozag.
  2772 | D:3      | Reached skill level 5 in Dodging
  3046 | D:3      | Reached XP level 6. HP: 27/29 MP: 5/11
  3907 | D:3      | Found a radiant altar of Vehumet.
  4000 | D:3      | Became a worshipper of Vehumet
  4140 | D:4      | Reached skill level 1 in Fighting
  4517 | D:4      | Found a hide-covered altar of Uskayaw.
  4517 | D:4      | Noticed a hippogriff
  4552 | D:4      | Killed a hippogriff
  4552 | D:4      | Reached XP level 7. HP: 18/34 MP: 5/13
  5104 | D:4      | Reached skill level 4 in Spellcasting
  5627 | D:5      | Entered Level 5 of the Dungeon
  5655 | D:5      | Found a sand-covered staircase.
  5731 | Ossuary  | Entered an ossuary
  5785 | Ossuary  | Reached * piety under Vehumet
  5785 | Ossuary  | Offered knowledge of Shock by Vehumet.
  5800 | Ossuary  | Learned a level 1 spell: Shock
  6297 | Ossuary  | Offered knowledge of Searing Ray by Vehumet.
  6301 | Ossuary  | Learned a level 2 spell: Searing Ray
  6309 | Ossuary  | Reached ** piety under Vehumet
  6528 | Ossuary  | Noticed Menkaure
  6534 | Ossuary  | Killed Menkaure
  6686 | D:5      | Noticed Eustachio
  6688 | D:5      | Noticed Sigmund
  6758 | D:5      | Noticed Grinder
  6789 | D:5      | Offered knowledge of Conjure Flame by Vehumet.
  6893 | D:5      | Found a staircase to the Ecumenical Temple.
  6902 | Temple   | Entered the Ecumenical Temple
  6970 | D:5      | Reached skill level 5 in Spellcasting
  6970 | D:5      | Reached XP level 8. HP: 39/39 MP: 14/16
  6979 | D:4      | Learned a level 3 spell: Conjure Flame
  6992 | D:5      | Killed Sigmund
  6992 | D:5      | Reached skill level 5 in Earth Magic
  7034 | D:4      | Killed Grinder
  7034 | D:4      | Reached *** piety under Vehumet
  7232 | D:5      | Killed Eustachio
  7232 | D:5      | Reached skill level 1 in Polearms
  7509 | D:5      | Found an opulent altar of Gozag.
  7611 | D:5      | Found a runed translucent door.
  7612 | D:5      | Noticed Crazy Yiuf
  7627 | D:5      | Killed Crazy Yiuf
  7731 | D:6      | Found a glowing golden altar of the Shining One.
  7904 | D:6      | Found a shattered altar of Ashenzari.
  8136 | D:6      | Offered knowledge of Olgreb's Toxic Radiance by Vehumet.
  8683 | D:7      | Found an ancient bone altar of Kikubaaqudgha.
  8688 | D:7      | Reached XP level 9. HP: 42/42 MP: 15/17
  8872 | D:7      | Reached skill level 5 in Conjurations
  9055 | D:7      | Noticed a troll
  9062 | D:7      | Killed a troll
  9079 | D:7      | Reached skill level 6 in Spellcasting
  9085 | D:7      | Learned a level 4 spell: Olgreb's Toxic Radiance
  9211 | D:7      | Found a snail-covered altar of Cheibriados.
  9344 | D:7      | Reached skill level 1 in Poison Magic
  9381 | D:7      | Found a sacrificial altar of Ru.
  9414 | D:7      | Found a white marble altar of Elyvilon.
  9636 | D:7      | Found an ornate altar of the Wu Jian Council.
  9648 | D:7      | Found a burning altar of Makhleb.
  9757 | D:8      | Found Totin's Food Shop.
  9919 | D:8      | Noticed Maggie
  9945 | D:8      | Killed Maggie
  9959 | D:8      | Bought a ration for 70 gold pieces
  9959 | D:8      | Bought a ration for 70 gold pieces
 10199 | D:8      | Reached **** piety under Vehumet
 10317 | D:8      | Noticed Grum
 10320 | D:8      | Killed Grum
 10467 | D:8      | Offered knowledge of Irradiate by Vehumet.
 10716 | D:8      | Noticed Maurice
 10754 | D:8      | Killed Maurice
 10754 | D:8      | Reached XP level 10. HP: 49/49 MP: 1/21
 11309 | D:9      | Reached skill level 7 in Spellcasting
 11718 | D:9      | Reached ***** piety under Vehumet
 11898 | D:9      | Offered knowledge of Ozocubu's Refrigeration by Vehumet.
 11925 | D:9      | Reached skill level 5 in Polearms
 11933 | D:9      | Noticed a two-headed ogre
 11939 | D:9      | Killed a two-headed ogre
 12307 | D:10     | Entered Level 10 of the Dungeon
 12551 | D:10     | Noticed a death yak
 12552 | D:10     | Noticed a death yak
 12554 | D:10     | Found a staircase to the Lair.
 12558 | D:10     | Noticed a death yak
 12614 | D:10     | Killed a death yak
 12620 | D:10     | Killed a death yak
 12620 | D:10     | Reached skill level 8 in Spellcasting
 12633 | D:10     | Killed a death yak
 12633 | D:10     | Reached XP level 11. HP: 21/52 MP: 9/24
 12699 | D:10     | Learned a level 5 spell: Lee's Rapid Deconstruction
 12863 | D:10     | Noticed Erica
 12880 | D:10     | Killed Erica
 13153 | D:10     | Noticed a two-headed ogre
 13178 | D:10     | Killed a two-headed ogre
 13746 | D:11     | Reached skill level 1 in Air Magic
 13901 | D:11     | Found a staircase to the Orcish Mines.
 13966 | D:11     | Noticed a centaur warrior
 13982 | D:11     | Killed a centaur warrior
 14105 | D:11     | Reached skill level 9 in Spellcasting
 14276 | D:11     | Noticed a fire dragon
 14289 | D:11     | Killed from afar by a fire dragon

Illustrated notes

Levels and vault maps discovered:
D:1:      dpeg_arrival_shelter, layout_rooms, st_stairs_12, columned_hall_lemuel
D:2:      layout_rooms, yredelemnul_altar_generic, uniq_robin, uniq_jessica,
          uniq_natasha
D:3:      layout_loops_corners, grunt_gozag_statues, marbit_many_paths,
          first_ration
D:4:      layout_gridville, eat_drink_and_be_merry_uskayaw,
          minmay_tree_intersection
D:5:      layout_cave_pools, minmay_temple_entry_mini_moons, basic_altar,
          enter_ossuary_2, uniq_crazy_yiuf_cottage, uniq_grinder,
          uniq_eustachio, uniq_sigmund
D:6:      layout_gridville, ashenzari_altar_1, nicolae_tso_besieged_by_evil,
          roderic_lattice_a
D:7:      layout_cave_pools, slow_altar_1, nicolae_overflow_crystal_walls,
          nicolae_overflow_quartered_altars
D:8:      layout_loops_corners, serial_shops, nicolae_shop_behind_doors,
          grunt_pizzeria, chequers_serial_rivers_micro_e, uniq_grum,
          uniq_maurice, uniq_maggie
D:9:      layout_long_grid, lightli_orcish_oven
D:10:     layout_loops_cross, dpeg_lair_monsters, uniq_erica
D:11:     layout_roguey, david_orc_2
Temple:   jpeg_temple_alley_garden

Skill      XL: |  1  2  3  4  5  6  7  8  9 10 11 |
---------------+----------------------------------+-----
Earth Magic    | 3 4 5 6 7 8 |  8.0
Spellcasting   | 3 5 6 8 9 |  9.0
Transmutations | 2 3 |  3.0
Stealth        | 4 5 6 7 |  7.0
Dodging        | 4 5 6 7 8 |  8.9
Conjurations   | 1 2 3 4 5 6 |  6.4
Fighting       | 1 2 3 4 |  4.0
Polearms       | 2 4 5 6 |  6.6
Poison Magic   | 3 4 |  4.0
Air Magic      | 2 |  2.0

Action                   |  1- 3 |  4- 6 |  7- 9 | 10-12 || total
-------------------------+-------+-------+-------+-------++-------
Melee: Unarmed           |     7 |       |       |       ||     7
       Dagger            |    16 |   112 |       |       ||   128
       Whip              |       |   144 |   265 |       ||   409
       Trident           |       |       |   218 |       ||   218
       Lance             |       |       |    20 |   264 ||   284
Throw: Dart              |       |    23 |    19 |    14 ||    56
       Boomerang         |       |       |       |    14 ||    14
 Cast: Sandblast         |    27 |    76 |    47 |     5 ||   155
       Stone Arrow       |       |     3 |    47 |    37 ||    87
       Shock             |       |       |   136 |    28 ||   164
       Searing Ray       |       |       |     2 |     3 ||     5
       Conjure Flame     |       |       |     5 |    10 ||    15
       Olgreb's Toxic Ra |       |       |     4 |    26 ||    30
Evoke: Wand              |       |       |     1 |     1 ||     2
  Use: Scroll            |     1 |     2 |    11 |     3 ||    17
       Potion            |       |       |     3 |     2 ||     5
 Stab: Sleeping          |     4 |     8 |     9 |     5 ||    26
       Distracted        |       |     1 |       |       ||     1
  Eat: Ration            |       |     1 |     5 |     3 ||     9
Armor: Robe              |     5 |    26 |    69 |       ||   100
       Steam dragon scal |       |       |     6 |    33 ||    39
Dodge: Dodged            |    27 |   279 |   469 |   128 ||   903
